AoeStats
← WaywardTuna6

Arabia

509992252Analyzed
1v1 RM · 3d ago on Sep 28, 2026· 40m 41s· 2 players
Game mode
Random Map
Map size
Tiny (2 player)
Population
200
Speed
Normal
Resources
Standard
Victory
Conquest
Starting age
Dark Age
Ending age
Imperial Age
RankedLock teamsTeams togetherTeam positionsShared explorationLock speedFull tech treeHidden civsTurbo modeCheats
Victory
Defeat
🇦🇷 Magyars · Argentina
1118
+14
🇨🇦 Khitans · Canada
1076
-14
WaywardTuna6
6:47 Loom
7:30 Loom
10:36 Feudal Age
19:36 Forging
24:27 Castle Age
23:23 Double-Bit Axe
23:34 Domestication
24:37 Scale Barding Armor
24:26 Fletching
26:17 Iron Casting
29:24 Scale Mail Armor
29:24 Pikeman
31:47 Gambesons
32:03 Squires
37:48 Wheelbarrow
37:44 Bodkin Arrow
37:50 Scale Mail Armor
42:40 Imperial Age
Proteína G
3:30 Loom
10:34 Feudal Age
10:37 Man-at-Arms
11:05 Double-Bit Axe
12:45 Horse Collar
15:06 Wheelbarrow
19:58 Castle Age
18:37 Gold Mining
18:54 Town Watch
19:50 Bloodlines
19:47 Scale Barding Armor
20:53 Bow Saw
20:47 Heavy Plow
20:49 Husbandry
21:43 Chain Barding Armor
24:32 Gold Shaft Mining
29:35 Hand Cart
29:25 Town Patrol
29:53 Stone Mining
30:37 Fletching
30:47 Padded Archer Armor
31:51 Bodkin Arrow
35:16 Imperial Age
33:40 Treadmill Crane
35:00 Ballistics
34:35 Murder Holes
35:54 Corvinian Army
36:26 Conscription
36:08 Elite Magyar Huszar
41:08 Plate Barding Armor
Connection lost

Rejoining the realm…

Still unreachable

The connection could not be restored.

Session expired

The server has moved on; the page needs a fresh start.